Mecha, neutral female human Ranger |.| --- |.---.-- |%))...| ---%.... |..).. |....-- .....| --.I.. |^... |(.. --. Mecha the Trailblazer Experience level: 6 Strength: 16 Dexterity: 10 Constitution: 15 Intelligence: 13 Wisdom: 13 Charisma: 9 Health: 0(44) Energy: 26(26) Def: 3 Gold: 342 Moves: 2891 Dungeon seed: 2GOVGfqG-EzZA16u Game ID: Mecha_1477400571 Your Inventory: Coins $ - 342 gold pieces Weapons a - a +1 dagger (weapon in hand) b - a +1 bow c - 47 +2 arrows d - 32 +0 arrows s - 3 +0 arrows w - a +1 dagger Armor e - an uncursed +2 cloak of displacement (being worn) q - a cursed -1 pair of elven boots r - an uncursed +0 scale mail Comestibles f - 2 uncursed cram rations E - an uncursed food ration H - 2 uncursed tripe rations Scrolls k - an uncursed scroll of destroy armor x - an uncursed scroll of stinking cloud Spellbooks A - an uncursed spellbook of cure sickness D - an uncursed spellbook of charm monster Potions o - an uncursed potion of fruit juice C - an uncursed potion of acid Rings g - an uncursed ring of free action (on left hand) Tools j - an uncursed lock pick v - 2 uncursed partly used wax candles (lit) (0:134) B - a +0 pick-axe F - 5 cursed wax candles (0:400) G - 6 cursed tallow candles (0:200) I - 2 uncursed tallow candles (0:200) Spells and supernatural/magical abilities: Name Level Category Fail Memory e - charm monster 3 enchantment 100% 98% C - cancellation 7 matter 100% 89% K - cure sickness 3 healing 100% 98% W - pray for help -- divine ? -- Your skills at the end: Fighting Skills Weapon Skills dagger [Skilled] bow [Basic] Spellcasting Skills Final Attributes: You were piously aligned. You had automatic searching. You were displaced. You had free action. You are dead. Vanquished creatures: a dwarf king a gnome king a bugbear a rock piercer 2 rock moles a shrieker 3 gnome lords 2 gnomish wizards a little dog 2 floating eyes 6 dwarves a kobold lord a rothe a rabid rat 2 dwarf zombies an iguana a coyote a gas spore a hobbit 6 manes 3 cave spiders a green mold 18 gnomes a gnome zombie a gecko 5 jackals 2 foxes 2 kobolds a goblin 2 grid bugs a lichen 2 kobold zombies 6 newts 81 creatures vanquished. Voluntary challenges: You were an atheist. You used a wielded weapon 97 times, starting on turn 174. You read items or engraved 82 times, starting on turn 443. You never genocided any monsters. You never polymorphed an object. You never changed form. You used no wishes. You never split a pudding. You never wrote Elbereth's name. You violated your moral code, losing 24 points of alignment, starting on turn 1251. Dungeon overview: The Dungeons of Doom: levels 1 to 3 Level 1 a long staircase Level 2 Level 3 stairs to The Gnomish Mines The Gnomish Mines: levels 4 to 7 Level 4 stairs to The Dungeons of Doom Level 5 Level 7 <- You were here History has recorded: On T:1 you entered the Dungeons of Doom to retrieve the Amulet of Yendor! On T:379 you reached level 2 of The Dungeons of Doom. On T:571 you advanced to experience level 2. On T:987 you reached level 3 of The Dungeons of Doom. On T:1251 you advanced to experience level 3. On T:1251 you advanced to experience level 4. On T:1506 you reached level 1 of The Gnomish Mines. On T:1566 you advanced to experience level 5. On T:2174 you advanced to experience level 6. On T:2623 you reached level 2 of The Gnomish Mines. On T:2858 you reached level 4 of The Gnomish Mines. Score breakdown: Gold: 342 ( 8624 points) Experience: 6 levels (12456 points) Exploration: 7 levels ( 13.73%) (10392 points) Discoveries: 8 items ( 2.68%) ( 4907 points) Valuables value: (no points given unless you survive) Artifact value: 0 ( 0 points) Variety of kills: 33 monsters ( 8.66%) ( 8829 points) Turncount: 2891 turns ( -545 points) Survival: died (score multiplied by 80%) Total score: 35730 Latest messages: The 1st dagger hits the gnome! You kill the gnome! There are a few objects here. I - a candle. There are a few objects here. You hit the gnome king! The gnome king wields a dagger! The gnome hits! You hit the gnome king. The gnome king thrusts his dagger. The gnome king hits! You hit the gnome king. The gnome king wields a dagger! The gnome hits! You kill the gnome king! You hit the gnome lord! The gnome lord hits! The gnome hits! A cloud of gas puts you to sleep! It bites! You die... Final status: Goodbye Mecha the Ranger, killed by a soldier ant, while sleeping... You died in The Gnomish Mines on dungeon level 7 with 35730 points, and 342 pieces of gold, after 2891 moves. You were level 6 with a maximum of 44 hit points when you died.